 Dungeon Crawl Stone Soup version 0.29-a0-563-g64e4043184 (webtiles) character file.

Game seed: 10238425559372317574

64 shadowstone the Covered (level 3, 0/29 HPs)
             Began as a Minotaur Fighter on June 11, 2022.
             Was a Follower of Hepliaklqana.
             Slain by an ogre
             ... wielding a +0 giant spiked club
              (26 damage)
             ... on level 4 of the Dungeon on June 12, 2022.
             The game lasted 00:05:53 (1058 turns).

shadowstone the Covered (Minotaur Fighter)          Turns: 1058, Time: 00:05:53

Health: 0/29       AC:  9    Str: 22    XL:     3   Next: 91%
Magic:  2/2        EV:  7    Int:  5    God:    Hepliaklqana [*.....]
Gold:   33         SH:  4    Dex:  9    Spells: 2/2 levels left

rFire   + . .      SeeInvis .   a - +0 long sword
rCold   x . .      Faith    .   c - +0 buckler
rNeg    . . .      Spirit   .   f - +0 chain mail
rPois   .          Reflect  .   (helmet restricted)
rElec   .          Harm     .   (no cloak)
rCorr   .          Rampage  .   (no gloves)
Will    .....                   (no boots)
Stlth   ..........              (no amulet)
HPRegen 0.09/turn               m - ring of wizardry
MPRegen 0.08/turn               n - ring of fire

@: no status effects
A: reduced essence, horns 2, retaliatory headbutt
a: Renounce Religion, Recall Ancestor, Ancestor Identity


You were on level 4 of the Dungeon.
You worshipped Hepliaklqana.
Hepliaklqana was aware of your devotion.
You visited 1 branch of the dungeon, and saw 4 of its levels.

You collected 33 gold pieces.

Inventory:

Hand Weapons
 a - a +0 long sword (weapon)
Armour
 b - a +0 scale mail
 c - a +0 buckler (worn)
 f - a +0 chain mail (worn)
Jewellery
 m - a ring of wizardry (left hand)
 n - a ring of fire (right hand)
Scrolls
 e - a scroll of fog {unknown}
 g - 3 scrolls of teleportation {unknown}
 h - a scroll of enchant weapon {unknown}
 j - 3 scrolls of identify {unknown}
 k - a scroll of enchant armour {unknown}
Potions
 d - a potion of might
 i - a potion of degeneration {unknown}
 l - a potion of flight {unknown}


   Skills:
 + Level 4.1 Fighting
 + Level 3.1 Long Blades
 + Level 4.5 Armour
 + Level 0.4 Dodging
 + Level 4.2 Shields


You had 2 spell levels left.
You didn't know any spells.
Your spell library was empty.

Dungeon Overview and Level Annotations

Branches:
Dungeon (4/15)
 Temple: D:4-7

Altars:
Hepliaklqana

Shops:
D:4 ?

Portals:
Sewer: D:4


Innate Abilities, Weirdness & Mutations

Your life essence is reduced to manifest your ancestor. (-10% HP)
You have a pair of horns on your head.
You reflexively headbutt those who attack you in melee.


Message History

Friðuswiþ hits the ogre.
The giant cockroach barely misses you. You block the adder's attack.
The ogre hits Friðuswiþ with a +0 giant spiked club!!
Friðuswiþ is destroyed!
The giant cockroach bites you.
The giant cockroach bites you but does no damage.
There is an open door here.
You hit the adder but do no damage. Your headbutt misses the adder.
The adder bites you but does no damage. You block the giant cockroach's attack.
The giant cockroach splashes around in the water.
The giant cockroach completely misses you.
The adder bites you.
The giant cockroach bites you but does no damage.
The giant cockroach barely misses you.
You closely miss the adder.
The giant cockroach bites you but does no damage.
The adder bites you but does no damage. You block the giant cockroach's attack.
The giant cockroach bites you but does no damage.
You block the adder's attack.
The giant cockroach bites you but does no damage. x2
You hit the adder. Your headbutt misses the adder.
The adder is lightly wounded.
The giant cockroach barely misses you. The adder bites you but does no damage.
The giant cockroach bites you but does no damage.
You block the giant cockroach's attack.
The giant cockroach splashes around in the water.
The adder closely misses you. The giant cockroach closely misses you.
You furiously retaliate!
You headbutt the giant cockroach!
You kill the giant cockroach!
You barely miss the giant cockroach.
Your headbutt misses the giant cockroach.
The giant cockroach bites you but does no damage. x2
The ogre barely misses you.
You hit the ogre.
The ogre is lightly wounded.
The giant cockroach bites you but does no damage.
The ogre hits you with a +0 giant spiked club!!
Ouch! That really hurt!
You die...

.........## ..#####..##
#.#≈≈≈#...###
#.#≈≈≈#.....# #
#.#≈∩≈#...#.# .#
#.#≈≈≈#...#'# ..#
##.#≈SB#...#.# #..##
#.$##B##...#.###....#
#...O@.....#<#......#
.......##.##..#.'......#
......# #.....#.'......#
#..... ##...##∩#......#
..... ....###.#..#..##
.(... ...## #.#..#..#
.... ...# #+#.## .# ....
..## (.# # ..#


You could see an ogre, an adder and 2 giant cockroaches.

Vanquished Creatures
  An adder (D:3)
  3 worms
  2 dart slugs (D:1)
  An orc (D:3)
  2 ball pythons (D:1)
  2 endoplasms
  3 giant cockroaches
  4 goblins
  4 hobgoblins
  2 kobolds (D:1)
  A quokka (D:1)
  4 bats
  3 frilled lizards
  4 rats (D:1)
36 creatures vanquished.

Vanquished Creatures (collateral kills)
  2 kobolds (D:3)
  A rat (D:2)
3 creatures vanquished.

Vanquished Creatures (others)
  An ancestor (D:4)
1 creature vanquished.

Grand Total: 40 creatures vanquished

Notes
Turn   | Place    | Note
-------+----------+-------------------------------------------
     0 | D:1      | shadowstone the Minotaur Fighter began the quest for the
                  | Orb.
     0 | D:1      | Reached XP level 1. HP: 19/19 MP: 0/0
    53 | D:1      | Reached XP level 2. HP: 26/27 MP: 1/1
   399 | D:2      | Reached XP level 3. HP: 27/33 MP: 2/2
   501 | D:2      | Found a faded altar of an unknown god.
   515 | D:2      | Prayed at the altar of an unknown god.
   515 | D:2      | Became a worshipper of Hepliaklqana the Forgotten
   515 | D:2      | Reached * piety under Hepliaklqana
  1021 | D:4      | Found Tynaq's Magic Scroll Boutique.
  1022 | D:4      | Found a glowing drain.
  1046 | D:4      | Noticed an ogre
  1058 | D:4      | Slain by an ogre

Illustrated notes

Levels and vault maps discovered:
D:1:      tarquinn_simple_flora_water_e, layout_rooms, minmay_pentomino_o4
D:2:      layout_rooms, ebering_ecumenical_altar_hall
D:3:      layout_basic
D:4:      layout_layer_cave, makhleb_altar_promises_db, serial_glass,
          glass_columns_b, glass_columns_b, gup_sewer_entry_glass, serial_shops,
          shop, nicolae_shop_hallway_stairs, kennysheep_mini, enter_ossuary_5

Skill      XL: |  1  2  3 |
---------------+----------+-----
Armour         | 4 |  4.5
Shields        | 4 |  4.2
Fighting       | 4 |  4.1
Long Blades    | 3 |  3.1
Dodging        | |  0.4

Action                   || total
-------------------------++-------
Melee: Long sword        ||    75
       Headbutt          ||    15
Invok: Recall Ancestor   ||     1
Armor: Scale mail        ||     9
       Chain mail        ||    89
Dodge: Dodged            ||    63
Block: Buckler           ||    35

Table legend: (Time is in decaauts)
 A = Elapsed time spent in this place.
 B = Non-inter-level travel time spent in this place.
 C = Inter-level travel time spent in this place.
 D = Time resting spent in this place.
 E = Time spent auto-exploring this place.
 F = Levels seen in this place.
 G = Mean time per level.
                   A        B        C        D        E       F      G
               +--------+--------+--------+--------+--------+-----+--------+
         Total |   1078 |   1078 |      0 |    187 |      0 |   4 |  269.5 |
       Dungeon |   1078 |   1078 |      0 |    187 |      0 |   4 |  269.5 |
               +--------+--------+--------+--------+--------+-----+--------+

Top non-repeatable levels by time:
     D:2: 420 daAuts
     D:1: 374 daAuts
     D:3: 244 daAuts
     D:4: 38 daAuts
